APP
BOSTON (APP) RED SOX @ PRINCETON RAYS
08/07/2044
 
TOP OF THE 1ST
Boston (APP) Red Sox batting - Pitching for Princeton Rays : LHP Chris Bates
Pitching: LHP Chris Bates
Batting: RHB Rogelio Cervantes 0-0: Called Strike
0-1: Ball
1-1: Foul Ball, location: 2F
1-2: Ball
2-2: Ground out 4-3 (Groundball, 4, EV 104.4 MPH)
Batting: LHB Stanislav Parusov 0-0: Foul Ball, location: 2F
0-1: Foul Ball, location: 2F
0-2: Ball
1-2: Ball
2-2: DOUBLE (Line Drive, 5D, EV 100.0 MPH)
Batting: RHB Frank Sokolosky 0-0: Called Strike
0-1: Foul Ball, location: 2F
0-2: Ball
1-2: Strikes out swinging
Batting: RHB William Lung 0-0: Called Strike
0-1: Foul Ball, location: 2F
0-2: Strikes out swinging
Top of the 1st over - 0 runs, 1 hit, 0 errors, 1 left on base; Boston (APP) 0 - Princeton 0
BOTTOM OF THE 1ST
Princeton Rays batting - Pitching for Boston (APP) Red Sox : LHP Nick Barnes
Pitching: LHP Nick Barnes
Batting: SHB Chris Lockart 0-0: Ball
1-0: Called Strike
1-1: Swinging Strike
1-2: Strikes out swinging
Batting: RHB Dan Marks 0-0: Ball
1-0: Called Strike
1-1: Called Strike
1-2: Ball
2-2: Foul Ball, location: 2F
2-2: Ball
3-2: Foul Ball, location: 2F
3-2: Foul Ball, location: 2F
3-2: SINGLE (Groundball, 4MD, EV 100.0 MPH)
Batting: LHB Rocky Crowley 0-0: Called Strike
0-1: Ball
1-1: Ball
2-1: DOUBLE (Line Drive, 8RXD, EV 105.6 MPH)
Dan Marks to third
Batting: RHB Wil Urban 0-0: Ball
1-0: Foul Ball, location: 2F
1-1: Ball
2-1: Ball
3-1: Called Strike
3-2: Ground out 6-3 (Groundball, 6M, EV 108.8 MPH)
Dan Marks scores
Rocky Crowley to third
Batting: SHB Lou Kroneman 0-0: Ball
1-0: Called Strike
1-1: Foul Ball, location: 2F
1-2: Strikes out looking
Bottom of the 1st over - 1 run, 2 hits, 0 errors, 1 left on base; Boston (APP) 0 - Princeton 1
TOP OF THE 2ND
Boston (APP) Red Sox batting - Pitching for Princeton Rays : LHP Chris Bates
Batting: RHB Matt Hinkle 0-0: Foul Ball, location: 2F
0-1: Swinging Strike
0-2: Foul Ball, location: 2F
0-2: Ball
1-2: Foul Ball, location: 2F
1-2: Foul Ball, location: 2F
1-2: Strikes out looking
Batting: LHB Frank Olivo 0-0: Ball
1-0: Ball
2-0: Called Strike
2-1: Ball
3-1: Foul Ball, location: 2F
3-2: Hit by Pitch
Batting: RHB Mike Strey 0-0: Called Strike
0-1: Swinging Strike
0-2: Ball
1-2: Strikes out swinging
Batting: RHB Dominique Paolozzi 0-0: Ball
1-0: Foul Ball, location: 2F
1-1: Foul Ball, location: 2F
1-2: Strikes out swinging
Top of the 2nd over - 0 runs, 0 hits, 0 errors, 1 left on base; Boston (APP) 0 - Princeton 1
BOTTOM OF THE 2ND
Princeton Rays batting - Pitching for Boston (APP) Red Sox : LHP Nick Barnes
Batting: RHB Chris Thorson 0-0: Called Strike
0-1: Foul Ball, location: 2F
0-2: Ground out 6-3 (Groundball, 56D, EV 87.5 MPH)
Batting: SHB Wayne Hattan 0-0: Ball
1-0: Foul Ball, location: 2F
1-1: SINGLE (Flyball, 6MD, EV 83.1 MPH)
Batting: RHB Kunizo Yanagisawa 0-0: Foul Ball, location: 2F
0-1: Ball
Wild Pitch!
Wayne Hattan to second
1-1: Called Strike
1-2: Ball
2-2: Ball
3-2: Foul Ball, location: 2F
3-2: Base on Balls
Batting: RHB Jim Erdody 0-0: Called Strike
0-1: Swinging Strike
0-2: Ball
1-2: Ball
Wild Pitch!
Wayne Hattan to third
Kunizo Yanagisawa to second
2-2: Ball
3-2: Base on Balls
Batting: SHB Chris Lockart 0-0: Called Strike
0-1: Fly out, F8 (Flyball, 8LXD, EV 93.8 MPH)
Runner from 3rd tags up, SCORES, no throw by CF
Batting: RHB Dan Marks 0-0: Foul Ball, location: 2F
0-1: Ball
1-1: Ball
2-1: SINGLE (Groundball, 34D, EV 98.8 MPH)
Kunizo Yanagisawa to third
Jim Erdody to second
Runner from 3rd tries for Home, SAFE, throw by RF to home
Batting: LHB Rocky Crowley 0-0: Ball
1-0: Fielders Choice at 2nd, 5-4 (Groundball, 56, EV 87.5 MPH)
Bottom of the 2nd over - 2 runs, 2 hits, 0 errors, 2 left on base; Boston (APP) 0 - Princeton 3
TOP OF THE 3RD
Boston (APP) Red Sox batting - Pitching for Princeton Rays : LHP Chris Bates
Batting: RHB Joe Booth 0-0: Called Strike
0-1: Called Strike
0-2: Ball
1-2: Ball
2-2: SINGLE (Groundball, 4MD, EV 100.0 MPH)
Batting: RHB Rogelio Cervantes 0-0: Ball
1-0: Foul Ball, location: 2F
1-1: Ball
2-1: Foul Ball, location: 2F
2-2: Ball
3-2: Strikes out looking
Batting: LHB Stanislav Parusov 0-0: Foul Ball, location: 2F
0-1: Ball
1-1: Fielders Choice at 2nd, 3-6 (Groundball, 3, EV 105.0 MPH)
Batting: RHB Frank Sokolosky 0-0: Swinging Strike
0-1: Ball
1-1: Ball
2-1: Called Strike
2-2: Ball
3-2: Foul Ball, location: 2F
3-2: SINGLE (Line Drive, 56, EV 98.8 MPH)
Stanislav Parusov to second
Stanislav Parusov to third
Batting: RHB William Lung 0-0: Ball
1-0: Called Strike
1-1: Ball
2-1: Foul Ball, location: 2F
2-2: Foul Ball, location: 2F
2-2: Foul Ball, location: 2F
2-2: SINGLE (Line Drive, 7S, EV 95.6 MPH)
Stanislav Parusov scores
Frank Sokolosky to second
Batting: RHB Matt Hinkle 0-0: Foul Ball, location: 2F
0-1: Foul Ball, location: 2F
0-2: Ball
1-2: Strikes out swinging
Top of the 3rd over - 1 run, 3 hits, 0 errors, 2 left on base; Boston (APP) 1 - Princeton 3
BOTTOM OF THE 3RD
Princeton Rays batting - Pitching for Boston (APP) Red Sox : LHP Nick Barnes
Batting: RHB Wil Urban 0-0: Ball
1-0: SOLO HOME RUN (Flyball, 7LD, EV 90.6 MPH), Distance : 330 ft
Batting: SHB Lou Kroneman 0-0: Called Strike
0-1: DOUBLE (Flyball, 89XD, EV 101.9 MPH)
Batting: RHB Chris Thorson 0-0: Foul Ball, location: 2F
0-1: Ball
1-1: Ball
2-1: Ball
3-1: Foul Ball, location: 2F
3-2: Base on Balls
Batting: SHB Wayne Hattan 0-0: Fly out, F9 (Flyball, 9LM, EV 96.2 MPH)
Batting: RHB Kunizo Yanagisawa 0-0: Called Strike
0-1: Ball
1-1: Swinging Strike
1-2: Strikes out swinging
Batting: RHB Jim Erdody 0-0: Fly out, F8 (Flyball, 8LS, EV 83.8 MPH)
Bottom of the 3rd over - 1 run, 2 hits, 0 errors, 2 left on base; Boston (APP) 1 - Princeton 4
TOP OF THE 4TH
Boston (APP) Red Sox batting - Pitching for Princeton Rays : LHP Chris Bates
Batting: LHB Frank Olivo 0-0: Ball
1-0: Swinging Strike
1-1: DOUBLE (Line Drive, 9LS, EV 93.1 MPH)
Batting: RHB Mike Strey 0-0: Ball
1-0: Fly out, F4 (Popup, 4S, EV 72.5 MPH)
Batting: RHB Dominique Paolozzi 0-0: Ball
1-0: Foul Ball, location: 2F
1-1: Ball
2-1: Ball
3-1: Base on Balls
Batting: RHB Joe Booth 0-0: Ball
1-0: Foul Ball, location: 2F
1-1: Foul Ball, location: 2F
1-2: Strikes out swinging
Batting: RHB Rogelio Cervantes 0-0: Ball
1-0: Fielders Choice at 2nd, 6-4 (Groundball, 6, EV 92.5 MPH)
Top of the 4th over - 0 runs, 1 hit, 0 errors, 2 left on base; Boston (APP) 1 - Princeton 4
BOTTOM OF THE 4TH
Princeton Rays batting - Pitching for Boston (APP) Red Sox : LHP Nick Barnes
Batting: SHB Chris Lockart 0-0: Called Strike
0-1: Called Strike
0-2: SINGLE (Groundball, 56D, EV 98.1 MPH)
Batting: RHB Dan Marks 0-0: Called Strike
Chris Lockart steals 2nd base
0-1: Ball
1-1: Foul Ball, location: 2F
1-2: Foul Ball, location: 2F
1-2: Ball
2-2: Foul Ball, location: 2F
2-2: Foul Ball, location: 2F
2-2: Ball
3-2: SINGLE (Groundball, 34D, EV 104.4 MPH)
Chris Lockart to third
Batting: LHB Rocky Crowley 0-0: Called Strike
0-1: Called Strike
0-2: Ball
1-2: Strikes out swinging
Pitching: RHP Josh Graham
Batting: RHB Wil Urban 0-0: Foul Ball, location: 2F
0-1: Fly out, F7 (Line Drive, 7, EV 88.1 MPH)
Batting: SHB Lou Kroneman 0-0: Foul Ball, location: 2F
0-1: Called Strike
0-2: Foul Ball, location: 2F
0-2: Ball
1-2: Foul Ball, location: 2F
1-2: Ball
2-2: Fielders Choice at 2nd, 5-4 (Groundball, 56, EV 83.1 MPH)
Bottom of the 4th over - 0 runs, 2 hits, 0 errors, 2 left on base; Boston (APP) 1 - Princeton 4
TOP OF THE 5TH
Boston (APP) Red Sox batting - Pitching for Princeton Rays : LHP Chris Bates
Batting: LHB Stanislav Parusov 0-0: Ball
1-0: Ball
2-0: Ball
3-0: Base on Balls
Batting: RHB Frank Sokolosky 0-0: Swinging Strike
0-1: Ball
1-1: Foul Ball, location: 2F
1-2: Foul Ball, location: 2F
1-2: Fielders Choice at 2nd, 3-6 (Groundball, 34S, EV 82.5 MPH)
Batting: RHB William Lung 0-0: Ball
1-0: Foul Ball, location: 2F
1-1: Foul Ball, location: 2F
1-2: Ball
Wild Pitch!
Frank Sokolosky to second
2-2: Fly out, F8 (Flyball, 8LS, EV 95.6 MPH)
Batting: RHB Matt Hinkle 0-0: Swinging Strike
0-1: Ball
1-1: Ball
2-1: Ball
3-1: Foul Ball, location: 2F
3-2: Foul Ball, location: 2F
3-2: Strikes out swinging
Top of the 5th over - 0 runs, 0 hits, 0 errors, 1 left on base; Boston (APP) 1 - Princeton 4
BOTTOM OF THE 5TH
Princeton Rays batting - Pitching for Boston (APP) Red Sox : RHP Josh Graham
Batting: RHB Chris Thorson 0-0: Ball
1-0: Ball
2-0: Ball
3-0: Called Strike
3-1: Called Strike
3-2: Strikes out swinging
Batting: SHB Wayne Hattan 0-0: Called Strike
0-1: Ball
1-1: Ground out 4-3 (Groundball, 4, EV 81.9 MPH)
Batting: RHB Kunizo Yanagisawa 0-0: Ball
1-0: Fly out, F2 (Popup, 23F, EV 83.8 MPH)
Bottom of the 5th over - 0 runs, 0 hits, 0 errors, 0 left on base; Boston (APP) 1 - Princeton 4
TOP OF THE 6TH
Boston (APP) Red Sox batting - Pitching for Princeton Rays : LHP Chris Bates
Pitching: RHP John Morgan
Batting: LHB Frank Olivo 0-0: Foul Ball, location: 2F
0-1: Fly out, F9 (Flyball, 9LM, EV 80.6 MPH)
Batting: RHB Mike Strey 0-0: Ball
1-0: Ball
2-0: DOUBLE (Line Drive, 89D, EV 110.6 MPH)
Batting: RHB Dominique Paolozzi 0-0: Foul Ball, location: 2F
0-1: Foul Ball, location: 2F
0-2: Strikes out looking
Pinch Hitting: SHB Eric Evans 0-0: Ball
1-0: Foul Ball, location: 2F
1-1: SINGLE (Groundball, 6MS, EV 92.5 MPH) (infield hit)
Mike Strey to third
Batting: RHB Rogelio Cervantes 0-0: Ball
1-0: Foul Ball, location: 2F
1-1: Ball
2-1: Ball
3-1: Base on Balls
Eric Evans to second
Batting: LHB Stanislav Parusov 0-0: Ball
1-0: Ball
2-0: Foul Ball, location: 2F
2-1: Foul Ball, location: 2F
2-2: Fly out, F7 (Line Drive, 7D, EV 89.4 MPH)
Top of the 6th over - 0 runs, 2 hits, 0 errors, 3 left on base; Boston (APP) 1 - Princeton 4
BOTTOM OF THE 6TH
Princeton Rays batting - Pitching for Boston (APP) Red Sox : RHP Josh Graham
Now in LF: Eric Evans
Now in CF: Matt Hinkle
Batting: RHB Jim Erdody 0-0: SINGLE (Groundball, 34D, EV 96.9 MPH)
Batting: SHB Chris Lockart 0-0: 2-RUN HOME RUN (Flyball, 89XD, EV 106.9 MPH), Distance : 423 ft
Batting: RHB Dan Marks 0-0: Ball
1-0: Foul Ball, location: 2F
1-1: Ball
2-1: DOUBLE (Line Drive, 7LM, EV 107.5 MPH)
Batting: LHB Rocky Crowley 0-0: Ball
1-0: Swinging Strike
1-1: Swinging Strike
1-2: Ball
2-2: Strikes out swinging
Batting: RHB Wil Urban 0-0: Ball
1-0: Foul Ball, location: 2F
1-1: Ball
2-1: Ball
3-1: Called Strike
3-2: Base on Balls
Batting: SHB Lou Kroneman 0-0: Ball
1-0: Called Strike
1-1: Ball
2-1: Grounds into double play, 4-6-3 (Groundball, 4, EV 85.6 MPH)
Bottom of the 6th over - 2 runs, 3 hits, 0 errors, 1 left on base; Boston (APP) 1 - Princeton 6
TOP OF THE 7TH
Boston (APP) Red Sox batting - Pitching for Princeton Rays : RHP John Morgan
Batting: RHB Frank Sokolosky 0-0: Called Strike
0-1: Swinging Strike
0-2: Strikes out looking
Batting: RHB William Lung 0-0: Ball
1-0: Foul Ball, location: 2F
1-1: Fly out, F8 (Flyball, 8RXD, EV 106.9 MPH)
Batting: RHB Matt Hinkle 0-0: Called Strike
0-1: Foul Ball, location: 2F
0-2: Foul Ball, location: 2F
0-2: Ball
1-2: Foul Ball, location: 2F
1-2: Hit by Pitch
Batting: LHB Frank Olivo 0-0: Ball
1-0: Ball
Matt Hinkle steals 2nd base (no throw)
2-0: Swinging Strike
2-1: Ball
3-1: Foul Ball, location: 2F
3-2: Fly out, F8 (Flyball, 78M, EV 91.2 MPH)
Top of the 7th over - 0 runs, 0 hits, 0 errors, 1 left on base; Boston (APP) 1 - Princeton 6
BOTTOM OF THE 7TH
Princeton Rays batting - Pitching for Boston (APP) Red Sox : RHP Josh Graham
Batting: RHB Chris Thorson 0-0: Called Strike
0-1: SINGLE (Line Drive, 8LS, EV 105.6 MPH)
Batting: SHB Wayne Hattan 0-0: Called Strike
Chris Thorson steals 2nd base (no throw)
0-1: Foul Ball, location: 2F
0-2: Ball
1-2: Foul Ball, location: 2F
1-2: Ball
2-2: Ball
Wild Pitch!
Chris Thorson to third
3-2: Ground out 6-3 (Groundball, 6, EV 108.8 MPH)
Chris Thorson scores
Pitching: RHP Jose Abanto
Batting: RHB Kunizo Yanagisawa 0-0: Fly out, F8 (Flyball, 89D, EV 88.1 MPH)
Batting: RHB Jim Erdody 0-0: Ground out 6-3 (Groundball, 6MD, EV 109.4 MPH)
Bottom of the 7th over - 1 run, 1 hit, 0 errors, 0 left on base; Boston (APP) 1 - Princeton 7
TOP OF THE 8TH
Boston (APP) Red Sox batting - Pitching for Princeton Rays : RHP John Morgan
Batting: RHB Mike Strey 0-0: SINGLE (Groundball, 56D, EV 93.8 MPH)
Batting: RHB Dominique Paolozzi 0-0: Fly out, F8 (Flyball, 8LD, EV 71.9 MPH)
Batting: SHB Eric Evans 0-0: Called Strike
0-1: Ball
1-1: Fielders Choice at 2nd, 1-4 (Groundball, 15S, EV 68.8 MPH)
Pinch Hitting: LHB Eddie Contreras 0-0: Called Strike
0-1: Fly out, F9 (Line Drive, 9, EV 90.6 MPH)
Top of the 8th over - 0 runs, 1 hit, 0 errors, 1 left on base; Boston (APP) 1 - Princeton 7
BOTTOM OF THE 8TH
Princeton Rays batting - Pitching for Boston (APP) Red Sox : RHP Jose Abanto
Now at SS: Paul Bennett
Batting: SHB Chris Lockart 0-0: Swinging Strike
0-1: Foul Ball, location: 2F
0-2: TRIPLE (Line Drive, 89XD, EV 110.0 MPH)
Batting: RHB Dan Marks 0-0: Called Strike
0-1: Called Strike
0-2: Fly out, F3 (Popup, 34, EV 61.2 MPH)
Batting: LHB Rocky Crowley 0-0: Called Strike
0-1: Ball
1-1: Ball
2-1: Foul Ball, location: 2F
2-2: Foul Ball, location: 2F
2-2: Ball
3-2: Foul Ball, location: 2F
3-2: Base on Balls
Batting: RHB Wil Urban 0-0: Ball
1-0: Foul Ball, location: 2F
1-1: Called Strike
1-2: Foul Ball, location: 2F
1-2: Foul Ball, location: 2F
1-2: Ball
2-2: Ball
3-2: Foul Ball, location: 2F
3-2: Base on Balls
Rocky Crowley to second
Batting: SHB Lou Kroneman 0-0: Ball
1-0: Called Strike
1-1: Ball
2-1: Foul Ball, location: 2F
2-2: Fielders Choice at 2nd, 5-4 (Groundball, 6S, EV 89.4 MPH)
Chris Lockart scores
Rocky Crowley to third
Batting: RHB Chris Thorson 0-0: Ball
1-0: Ball
2-0: Fly out, F8 (Flyball, 8RXD, EV 96.2 MPH)
Bottom of the 8th over - 1 run, 1 hit, 0 errors, 2 left on base; Boston (APP) 1 - Princeton 8
TOP OF THE 9TH
Boston (APP) Red Sox batting - Pitching for Princeton Rays : RHP John Morgan
Batting: LHB Stanislav Parusov 0-0: Called Strike
0-1: Swinging Strike
0-2: Ball
1-2: Ground out 6-3 (Groundball, 6S, EV 93.8 MPH)
Batting: RHB Frank Sokolosky 0-0: Called Strike
0-1: Ball
1-1: Hit by Pitch
Pitching: LHP Parker Martinet
Pinch Hitting: RHB Scott Hawkins 0-0: Called Strike
0-1: Called Strike
0-2: Foul Ball, location: 2F
0-2: Ball
1-2: SINGLE (Groundball, 56D, EV 103.8 MPH)
Frank Sokolosky to second
Batting: RHB Matt Hinkle 0-0: Fly out, F7 (Line Drive, 7, EV 92.5 MPH)
Pinch Hitting: RHB John Doucette 0-0: Fly out, F8 (Flyball, 8LM, EV 89.4 MPH)
Top of the 9th over - 0 runs, 1 hit, 0 errors, 2 left on base; Boston (APP) 1 - Princeton 8
Thursday, March 31st , 2022 - OOTP Baseball 22.12 Build 89